 Dungeon Crawl Stone Soup version 0.24.0-13-gcf9b3192b9 (webtiles) character file.

Game seed: 5039909026566905891, levelgen mode: deterministic

1169 Froggeryz the Grappler (level 8, -6/46 HPs)
             Began as a Gargoyle Monk on Nov 8, 2019.
             Was a Priest of Cheibriados.
             Shot with an arrow by a centaur (10 damage)
             ... on level 5 of the Dungeon.
             The game lasted 00:05:20 (4115 turns).

Froggeryz the Grappler (Gargoyle Monk)              Turns: 4115, Time: 00:05:21

Health: -6/46      AC:  7    Str: 24    XL:     8   Next: 40%
Magic:  11/11      EV: 13    Int: 19    God:    Cheibriados [***...]
Gold:   180        SH:  0    Dex: 21    Spells: 7/7 levels left

rFire    . . .     SeeInvis .     - Unarmed
rCold    . . .     Gourm    .   (no shield)
rNeg     + . .     Faith    .   a - +0 robe
rPois    ∞         Spirit   .   (no helmet)
rElec    +         Reflect  .   (no cloak)
rCorr    .         Harm     .   (no gloves)
MR       .....                  (no boots)
Stlth    ++........             (no amulet)
HPRegen  0.15/turn              (no ring)
MPRegen  0.12/turn              (no ring)

@: very slow
A: negative energy resistance 1, electricity resistance, unbreathing,
petrification resistance, rot immunity, AC +5
a: Bend Time, Temporal Distortion, Renounce Religion


You were on level 5 of the Dungeon.
You worshipped Cheibriados.
Cheibriados was most pleased with you.
You were not hungry.

You visited 1 branch of the dungeon, and saw 6 of its levels.

You collected 229 gold pieces.
You spent 49 gold pieces at shops.

Inventory:

Missiles
 e - 3 boomerangs (quivered)
 i - 3 atropa-tipped darts
 k - 10 poisoned darts
 w - 7 silver javelins
Armour
 a - a +0 robe (worn)
 g - a +0 plate armour
Jewellery
 f - an uncursed ring of magical power
 s - an uncursed ring of protection from fire {unknown}
Scrolls
 c - a scroll of amnesia {unknown}
 d - 4 scrolls of teleportation {unknown}
 j - 3 scrolls of remove curse {unknown}
 l - 2 scrolls of fog {unknown}
 m - 2 scrolls of fear
 p - 3 scrolls of identify {unknown}
Potions
 h - a potion of ambrosia {unknown}
 n - a potion of magic {unknown}
 o - a potion of agility {unknown}
 q - a potion of degeneration {unknown}
 r - a potion of flight {unknown}
 t - a potion of curing {unknown}
 u - a potion of lignification {unknown}
 x - a potion of heal wounds {unknown}
Comestibles
 b - 13 rations


   Skills:
 - Level 3.2 Fighting
 - Level 2.4 Dodging
 - Level 2.1 Stealth
 * Level 9.2 Unarmed Combat
 + Level 4.7 Invocations


You had 7 spell levels left.
You didn't know any spells.
Your spell library was empty.

Dungeon Overview and Level Annotations

Branches:
Dungeon (6/15)
 Temple: D:4-7

Altars:
Cheibriados
Nemelex Xobeh
Qazlal
Trog
Vehumet
Yredelemnul
The Shining One

Shops:
D:4 ?

Annotations:
D:6 Menkaure


Innate Abilities, Weirdness & Mutations

You are resistant to torment.
Your stone body is resilient. (AC +5)
You are immune to poison.
You resist negative energy. (rN+)
You are resistant to electric shocks. (rElec)
You can survive without breathing.
You are immune to petrification.
You are immune to rotting.


Message History

You open the door.
Found a stone staircase leading down.
All of the chunks of flesh in your inventory have rotted away.
A centaur comes into view.
A centaur is nearby!
The centaur shouts!
The centaur wields a +0 shortbow.
The centaur shoots an arrow.
The arrow hits you!
The centaur shoots an arrow.
The arrow misses you.
You see here an arrow.
The centaur shoots an arrow.
The arrow hits you.
The centaur shoots an arrow.
The arrow closely misses you.
You see here an arrow.
The centaur shoots an arrow.
The arrow hits you!
The centaur shoots an arrow.
The arrow hits you.
You see here 2 arrows.
You are too injured to fight recklessly!
The centaur shoots an arrow.
The arrow hits you!
* * * LOW HITPOINT WARNING * * *
The centaur shoots an arrow.
The arrow hits you!
You die...

............#.############
........)................#
............#............####
..(......................'...
.........................####
...(........####.#.#.^..###..
............# #.#......# #.#
.........†c.####.#...##.# #.#
............@(.......##.# #.#
............<(......##.# #.#
.............((....##.###.#
.............#.#......#..
.............#..###.#.###
......<...........#...# #
....(.............#.### #
.................#.# #
...............#.# #


You could see a centaur.

Vanquished Creatures
  Prince Ribbit (D:5)
  Sigmund (D:2)
  A phantom (D:4)
  An ogre (D:5)
  A crimson imp (D:5)
  A bullfrog zombie (D:6)
  A hound (D:5)
  2 bullfrog skeletons (D:5)
  2 orc priests (D:4)
  4 orc wizards (D:4)
  An iguana (D:4)
  Jessica (D:2)
  4 worker ants
  2 hound skeletons (D:4)
  A howler monkey skeleton (D:4)
  4 adders
  A white imp (D:5)
  2 oozes (D:1)
  An adder skeleton (D:4)
  A dart slug (D:3)
  A leopard gecko (D:2)
  9 orcs
  9 bats
  2 giant cockroaches
  7 goblins
  5 hobgoblins
  3 kobolds
  A ball python (D:4)
  4 frilled lizards
  3 goblin skeletons (D:5)
  2 kobold skeletons (D:5)
  3 orc zombies (D:5)
  A quokka skeleton (D:4)
  7 rats
90 creatures vanquished.

Notes
Turn   | Place    | Note
-------+----------+-------------------------------------------
     0 | D:1      | Froggeryz the Gargoyle Monk began the quest for the Orb.
     0 | D:1      | Reached XP level 1. HP: 14/14 MP: 1/1
    70 | D:1      | Reached XP level 2. HP: 18/19 MP: 2/2
   313 | D:1      | Reached skill level 4 in Unarmed Combat
   759 | D:2      | Reached XP level 3. HP: 23/23 MP: 3/3
   797 | D:2      | Found a basalt altar of Yredelemnul.
   971 | D:2      | Noticed Jessica
   982 | D:2      | Noticed Sigmund
  1302 | D:2      | Killed Jessica
  1302 | D:2      | Reached XP level 4. HP: 26/28 MP: 4/4
  1317 | D:2      | Killed Sigmund
  1317 | D:2      | Reached skill level 6 in Unarmed Combat
  1317 | D:2      | Reached XP level 5. HP: 21/32 MP: 5/5
  1396 | D:2      | Found a radiant altar of Vehumet.
  1400 | D:2      | Reached XP level 6. HP: 30/37 MP: 6/6
  1646 | D:3      | Found a snail-covered altar of Cheibriados.
  1663 | D:3      | Became a worshipper of Cheibriados the Contemplative
  1663 | D:3      | Reached * piety under Cheibriados
  1663 | D:3      | Reached ** piety under Cheibriados
  1866 | D:3      | Found a sparkling altar of Nemelex Xobeh.
  1994 | D:3      | Found a bloodstained altar of Trog.
  2112 | D:4      | Found a stormy altar of Qazlal.
  2135 | D:4      | Reached skill level 1 in Invocations
  2511 | D:4      | Reached skill level 7 in Unarmed Combat
  2570 | D:4      | Reached XP level 7. HP: 30/41 MP: 8/8
  3076 | D:4      | Found Ryune's Magic Scroll Boutique.
  3084 | D:4      | Bought a scroll of fear for 49 gold pieces
  3316 | D:4      | Reached *** piety under Cheibriados
  3596 | D:5      | Entered Level 5 of the Dungeon
  3613 | D:5      | Reached skill level 8 in Unarmed Combat
  3635 | D:5      | You fall into a shaft and drop 1 floor!
  3656 | D:6      | Noticed Menkaure
  3669 | D:5      | Found a glowing golden altar of the Shining One.
  3900 | D:5      | Reached XP level 8. HP: 36/46 MP: 10/10
  4056 | D:5      | Noticed Prince Ribbit
  4077 | D:5      | Killed Prince Ribbit
  4077 | D:5      | Reached skill level 9 in Unarmed Combat
  4115 | D:5      | Shot with an arrow by a centaur

Levels and vault maps discovered:
D:1:      saegor_arrival_simple_e, layout_basic
D:2:      layout_rooms, old_standard_altar, nicolae_overflow_crystal_walls,
          uniq_sigmund, uniq_jessica
D:3:      layout_loops_ring, old_standard_altar, overflow_temple_1_default,
          lemuel_round_altar, first_ration, roderic_st_hans_cross
D:4:      minmay_recursive_quarters, layout_basic, kennysheep_little_box,
          serial_shops, nicolae_shop_stone
D:5:      kennysheep_big_flooded_room, layout_basic,
          nicolae_tso_besieged_by_evil, minivault_4, uniq_prince_ribbit1
D:6:      layout_cave_pools, hex_tiny, uniq_menkaure

Skill      XL: |  1  2  3  4  5  6  7  8 |
---------------+-------------------------+-----
Unarmed Combat | 4 6 7 8 9 |  9.2
Invocations    | 2 3 4 |  4.7
Fighting       | |  3.2
Dodging        | |  2.4
Stealth        | |  2.1

Action                   |  1- 3 |  4- 6 |  7- 9 || total
-------------------------+-------+-------+-------++-------
Melee: Unarmed           |   112 |   103 |   126 ||   341
       Punch             |       |     4 |     5 ||     9
Throw: Boomerang         |     1 |     1 |    10 ||    12
  Use: Potion            |     1 |       |       ||     1
 Stab: Sleeping          |     2 |     3 |     2 ||     7
  Eat: Chunk             |     1 |     3 |     2 ||     6
Armor: Robe              |    25 |    26 |    40 ||    91
       Skin              |     2 |     2 |       ||     4
Dodge: Dodged            |   111 |    50 |    90 ||   251
